 Dungeon Crawl Stone Soup version 0.30-a0-632-g346586fe48 (webtiles) character file.

Game seed: 15227999504895884838

140 bande the Trooper (level 5, -3/33 HPs)
             Began as a Gargoyle Fighter on Jan 13, 2023.
             Splashed by a jelly's acid (4 damage)
             ... on level 4 of the Dungeon.
             The game lasted 00:02:56 (2579 turns).

bande the Trooper (Gargoyle Fighter)                Turns: 2579, Time: 00:02:56

Health: -3/33      AC:  4    Str: 19    XL:     5   Next: 22%
Magic:  5/5        EV:  9    Int:  9    God:
Gold:   181        SH:  4    Dex: 11    Spells: 4/4 levels left

rFire   . . .      SeeInvis .    a - +0 war axe
rCold   . . .      Faith    .    c - +0 buckler
rNeg    + . .      Spirit   .    b - +0 scale mail
rPois   ∞          Reflect  .    (no helmet)
rElec   +          Harm     .    h - +0 cloak
rCorr   .          Rampage  .    (no gloves)
Will    .....                    (no boots) Stlth
                                 (no amulet)
HPRegen 0.25/turn                (no ring)
MPRegen 0.09/turn                (no ring)

@: corroded
A: sickness immunity, AC +4, negative energy resistance 1, electricity
resistance, torment resistance 1, petrification resistance
a: no special abilities


You were on level 4 of the Dungeon.
You visited 1 branch of the dungeon, and saw 4 of its levels.

You collected 181 gold pieces.

Inventory:

Hand Weapons
 a - a +0 war axe (weapon)
 s - a +0 flail
Armour
 b - a +0 scale mail (worn)
 c - a +0 buckler (worn)
 h - a +0 cloak (worn)
Scrolls
 e - 4 scrolls of identify {unknown}
 j - 2 scrolls of immolation {unknown}
 k - a scroll of enchant weapon {unknown}
 l - a scroll of vulnerability {unknown}
 m - a scroll of brand weapon {unknown}
 p - a scroll of blinking {unknown}
 q - 2 scrolls of teleportation {unknown}
Potions
 d - a potion of might
 f - a potion of brilliance {unknown}
 g - 2 potions of cancellation {unknown}
 i - 2 potions of berserk rage {unknown}
 n - a potion of heal wounds {unknown}
 o - 2 potions of flight {unknown}
 r - a potion of degeneration {unknown}


   Skills:
 + Level 4.1 Fighting
 + Level 3.2 Axes
 + Level 4.0 Armour
 - Level 0.4 Stealth
 + Level 4.0 Shields


You had 4 spell levels left.
You didn't know any spells.
Your spell library contained the following spells:

 Spells                   Type           Power      Damage    Failure   Level
 Freeze                   Ice            0%         1d3       83%         1
 Blink                    Tloc           0%         N/A       93%         2
 Ensorcelled Hibernation  Hex/Ice        0%         N/A       93%         2
 Passwall                 Tmut/Erth      0%         N/A       93%         2
 Poisonous Vapours        Pois/Air       0%         N/A       93%         2
 Frozen Ramparts          Ice            0%         1d1       99%         3
 Hailstorm                Conj/Ice       0%         3d3       99%         3
 Mephitic Cloud           Conj/Pois/Air  0%         N/A       99%         3
 Swiftness                Air            0%         N/A       99%         3
 Manifold Assault         Tloc           0%         N/A       100%        4
 Storm Form               Tmut/Air       0%         N/A       100%        7
 Cigotuvi's Dreadful Rot  Necr/Pois/Air  Unusable   N/A       N/A         2

Dungeon Overview and Level Annotations

Branches:
Dungeon (4/15)
 Temple: D:4-7

Altars:


Innate Abilities, Weirdness & Mutations

You are immune to sickness and miasma.
Your stone body is resilient. (AC +4)
You are immune to poison.
You resist negative energy. (rN+)
You are resistant to electric shocks. (rElec)
You are resistant to unholy torment.
You are immune to petrification.


Message History

Done exploring.
There is a stone staircase leading down here.
You climb downwards.
The adder hisses angrily.
Found 9 gold pieces.
There is a stone staircase leading up here.
An adder is nearby!
The adder closely misses you.
You miss the adder. The adder closely misses you. The adder bites you.
You miss the adder.
The adder bites you but does no damage. x2
You slash the adder!
You kill the adder!
No target in view!
No target in view!
No target in view!
No target in view!
No target in view!
There is a stone staircase leading up here.
You now have 181 gold pieces (gained 9).
Found a stone staircase leading down.
A jelly comes into view.
The jelly hits you but does no damage.
You barely miss the jelly. The jelly hits you. The acid corrodes you!
You are splashed with acid!
You hit the jelly but do no damage. The acid corrodes you!
Your hands burn!
You block the jelly's attack. The jelly hits you but does no damage.
You hit the jelly but do no damage.
Your hands burn!
The jelly hits you but does no damage.
You are too injured to fight recklessly!
You are too injured to fight recklessly!
You are too injured to fight recklessly!
You are too injured to fight recklessly!
You slash the jelly! The acid corrodes you!
Your hands burn!
The jelly is heavily wounded.
The jelly hits you.
* * * LOW HITPOINT WARNING * * *
The acid corrodes you!
You are splashed with acid!
* * * LOW HITPOINT WARNING * * *
You hit the jelly.
Your hands burn!
You die...

#.............#
##.#.#........#
##....#........#
#.#..#..#........# #
#................##.#
###.###.###.........#
###.###.# ####....>##
........# ##.......##
###.#...####..@......#
...........+..J......+
###......###.........#
#..#.#.# ##.......##
#....#.# ##.....##
##.#.#.# ##...##
#.....# #+## ###.###
#.# #.# #.#


You could see a jelly.

Vanquished Creatures
  A jelly (D:1)
  4 adders
  3 worms
  A dart slug (D:1)
  An orc (D:3)
  3 bats
  5 endoplasms
  8 giant cockroaches
  4 goblins
  5 hobgoblins
  3 jackals
  4 quokkas
  3 ball pythons
  4 frilled lizards
  4 kobolds
  10 rats
63 creatures vanquished.

Notes
Turn   | Place    | Note
-------+----------+-------------------------------------------
     0 | D:1      | bande the Gargoyle Fighter began the quest for the Orb.
     0 | D:1      | Reached XP level 1. HP: 14/14 MP: 1/1
     0 | D:1      | Noticed a jelly
     1 | D:1      | Found a runed translucent door.
   115 | D:1      | Reached XP level 2. HP: 17/19 MP: 2/2
   851 | D:1      | Reached XP level 3. HP: 5/24 MP: 3/3
  1048 | D:2      | Reached XP level 4. HP: 23/29 MP: 4/4
  2170 | D:3      | Reached XP level 5. HP: 33/33 MP: 5/5
  2237 | D:3      | Found a faded altar of an unknown god.
  2578 | D:4      | HP: 1/33 [acid (7)]
  2579 | D:4      | Splashed by a jelly's acid

Illustrated notes

Levels and vault maps discovered:
D:1:      dpeg_arrival_caged_fury, layout_basic
D:2:      minmay_general_purpose_star, layout_basic
D:3:      kennysheep_big_flooded_room, layout_rooms, basic_ecumenical_altar,
          serial_corexii_hall, chequers_hall_statues_corner_a,
          corexii_hall_statues_l
D:4:      layout_loops_corners, chequers_hall_statues_wall_a

Skill      XL: |  1  2  3  4  5 |
---------------+----------------+-----
Axes           | 2 3 |  3.2
Fighting       | 4 |  4.1
Shields        | 4 |  4.0
Armour         | 4 |  4.0
Stealth        | |  0.4

Action                   |  1- 3 |  4- 6 || total
-------------------------+-------+-------++-------
Melee: War axe           |    49 |   110 ||   159
Armor: Scale mail        |    43 |    69 ||   112
Dodge: Dodged            |    41 |    52 ||    93
Block: Buckler           |    18 |    21 ||    39

Table legend: (Time is in decaauts)
 A = Elapsed time spent in this place.
 B = Non-inter-level travel time spent in this place.
 C = Inter-level travel time spent in this place.
 D = Time resting spent in this place.
 E = Time spent auto-exploring this place.
 F = Levels seen in this place.
 G = Mean time per level.
                   A        B        C        D        E       F      G
               +--------+--------+--------+--------+--------+-----+--------+
         Total |   2646 |   2587 |     59 |    280 |   1807 |   4 |  661.5 |
       Dungeon |   2646 |   2587 |     59 |    280 |   1807 |   4 |  661.5 |
               +--------+--------+--------+--------+--------+-----+--------+

Top non-repeatable levels by time:
     D:2: 1236 daAuts
     D:1: 910 daAuts
     D:3: 443 daAuts
     D:4: 55 daAuts
